Unix NetHack Version 3.7.0-73 Work-in-progress - last build Feb 13 2023 23:22:17 (e889fd6b8cb55ddd886883d72e5aaabce8a889b2,branch:master). Game began 2023-02-14 13:44:49, ended 2023-02-14 13:51:40. Gandelf, neutral female human Wizard ------- ------- ---------- #-.(....# |.....| |........| #|.....|# |..^.-#####0....| ######### ---- |[%..!@f# ------- |...| -------- ----- Gandelf the Conjurer St:14 Dx:14 Co:12 In:17 Wi:9 Ch:9 Neutral S:230 Dlvl:2 $:0 HP:0(18) Pw:27(27) AC:9 Xp:3/45 T:1150 Latest messages: $ - 40 gold pieces (56 in total). D - a scroll labeled DUAM XNAHT. E - an orange potion. F - an ivory ring. B - a yellow gem (2 in total). The door opens. You hear someone cursing shoplifters. The gecko bites! You kill the gecko! The door resists! The door resists! The door opens. "Hello, Gandelf! Welcome to Wonotobo's general store!" You see here a food ration (for sale, 60 zorkmids). You hear some noises in the distance. You see here a clear potion (for sale, 178 zorkmids). You see here a clear potion (for sale, 9 zorkmids). You see here a scroll labeled KIRJE (for sale, 27 zorkmids). You see here a clear potion (for sale, 9 zorkmids). "For you, most gracious lady; only 9 zorkmids for this clear potion." G - a clear potion (unpaid, 9 zorkmids). You see here a clear potion (for sale, 178 zorkmids). "For you, good lady; only 178 zorkmids for this clear potion." H - a clear potion (unpaid, 178 zorkmids). You drop a clear potion (unpaid, 178 zorkmids). You see here a scroll labeled KIRJE (for sale, 27 zorkmids). "For you, esteemed lady; only 27 zorkmids for this scroll labeled KIRJE." I - a scroll labeled KIRJE (unpaid, 27 zorkmids). You see here an egg (for sale, 12 zorkmids). You see here a dwarvish mithril-coat (for sale, 320 zorkmids). You see here 2 food rations (for sale, 120 zorkmids). You hear some noises in the distance. "For you, honored lady; only 60 zorkmids per food ration." J - 2 food rations (unpaid, 120 zorkmids). Wait! That's a small mimic! You miss the small mimic. You hit the small mimic. It bites the grid bug. The grid bug is killed! The small mimic hits! You miss the small mimic. You hit the small mimic! The small mimic hits! You die... Wonotobo comes and takes all your possessions. Do you want to see what you had when you died? [ynq] (y) y Do you want to see your attributes? [ynq] (y) y Do you want an account of creatures vanquished? [ynaq] (y) y Do you want to see your conduct and achievements? [ynq] (y) y Do you want to see the dungeon overview? [ynq] (y) y Inventory: Weapons m - 9 +3 arrows n - a cursed +0 axe a - a blessed +1 quarterstaff (weapon in hands) Armor b - an uncursed +0 cloak of magic resistance (being worn) Comestibles J - 2 uncursed food rations z - an uncursed egg Scrolls j - an uncursed scroll of create monster q - an uncursed scroll of destroy armor A - an uncursed scroll of enchant armor x - a blessed scroll of enchant weapon I - a blessed scroll of identify D - a cursed scroll of light i - 2 uncursed scrolls of remove curse p - a cursed scroll of taming Spellbooks l - an uncursed spellbook of detect monsters y - a blessed spellbook of force bolt Potions h - an uncursed potion of extra healing g - an uncursed potion of gain energy f - an uncursed potion of restore ability E - an uncursed potion of see invisible w - an uncursed potion of water G - an uncursed potion of water Rings d - an uncursed ring of polymorph F - a cursed ring of protection from shape changers Tools o - an empty uncursed sack k - a cursed skeleton key Gems/Stones r - an uncursed worthless piece of green glass B - 2 uncursed worthless pieces of yellow glass C - an uncursed worthless piece of yellowish brown glass Gandelf the Wizard's attributes: Background: You were a Conjurer, a level 3 female human Wizard. You were neutral, on a mission for Thoth who was opposed by Ptah (lawful) and Anhur (chaotic). You were in the Dungeons of Doom, on level 2. You entered the dungeon 1150 turns ago. You had 45 experience points, 35 more were needed to attain level 4. Your score was 230 before end-of-game adjustments. Basics: You had 0 out of 18 hit points. You had all 27 energy points (spell power). Your armor class was 9. Your wallet was empty. Autopickup was on, but temporarily disabled while inside the shop. Final Characteristics: Your strength was 14 (limit:18/100). Your dexterity was 14 (limit:18). Your constitution was 12 (limit:18). Your intelligence was 17 (limit:18). Your wisdom was 9 (limit:18). Your charisma was 9 (limit:18). Final Status: You were not hungry. You were unencumbered. You were wielding a quarterstaff. You had basic skill with quarterstaff. Final Attributes: You were fervently aligned. You were magic-protected. You were warded. You are dead. Miscellaneous: You never encountered a bones level. Total elapsed playing time was 6 minutes and 50 seconds. Major events: Turn 1: Gandelf the neutral female human Wizard entered the dungeon 949: attained the rank of Conjurer (level 3) 1150: killed by a small mimic Vanquished creatures: a green mold a gecko 5 goblins a sewer rat 6 grid bugs 3 lichens a kobold zombie 3 newts 21 creatures vanquished. No species were genocided or became extinct. Voluntary challenges: You followed a strict vegan diet. You were illiterate. You never engraved Elbereth. You never genocided any monsters. You never polymorphed an object. You never changed form. You used no wishes. Achievements: You attained the rank of Conjurer. You entered a shop. The Dungeons of Doom: levels 1 to 2 Level 1: An altar to Thoth. Level 2: <- You were here. A general store. Final resting place for you, killed by a small mimic. Game over: ---------- / \ / REST \ / IN \ / PEACE \ / \ | Gandelf | | 0 Au | | killed by a | | small mimic | | | | | | 2023 | *| * * * | * _________)/\\_//(\/(/\)/\//\/|_)_______ Goodbye Gandelf the Wizard... You died in The Dungeons of Doom on dungeon level 2 with 230 points, and 0 pieces of gold, after 1150 moves. You were level 3 with a maximum of 18 hit points when you died.